 Dungeon Crawl Stone Soup version 0.27.1-33-g824d729ab1 (webtiles) character file.

Game seed: 13787077230182210334

255 SensoryNuts the Poker (level 5, -27/45 HPs)
             Began as a Draconian Gladiator on Dec 7, 2021.
             Was a Priest of Fedhas.
             Annihilated by an ogre (29 damage)
             ... on level 5 of the Dungeon.
             The game lasted 00:04:15 (4558 turns).

SensoryNuts the Poker (Draconian Gladiator)         Turns: 4558, Time: 00:04:15

Health: -27/45     AC:  5    Str: 17    XL:     5   Next: 91%
Magic:  5/5        EV: 13    Int:  8    God:    Fedhas [***...]
Gold:   201        SH:  0    Dex: 13    Spells: 4/4 levels left

rFire    . . .     SeeInvis .   a - +0 trident
rCold    . . .     Faith    +   (no shield)
rNeg     . . .     Spirit   .   (armour unavailable)
rPois    .         Reflect  .   b - +0 hat
rElec    .         Harm     .   (no cloak)
rCorr    .         Rampage  .   (no gloves)
Will     .....                  (no boots)
Stlth    ++........             g - amulet of faith
HPRegen  0.15/turn              k - ring of flight
MPRegen  0.09/turn              (no ring)

@: flying, hasted, very quick
A: AC +5, unfitting armour, cold-blooded
a: Renounce Religion, Wall of Briars, Grow Ballistomycete


You were on level 5 of the Dungeon.
You worshipped Fedhas.
Fedhas was most pleased with you.
You visited 1 branch of the dungeon, and saw 5 of its levels.

You collected 201 gold pieces.

Inventory:

Hand Weapons
 a - a +0 trident (weapon)
Missiles
 c - 3 throwing nets (quivered)
Armour
 b - a +0 hat (worn)
Jewellery
 g - an amulet of faith (around neck)
 k - a ring of flight (left hand)
Scrolls
 f - 3 scrolls of identify {unknown}
 j - 2 scrolls of teleportation {unknown}
 m - a scroll of holy word {unknown}
 o - a scroll of enchant weapon {unknown}
 p - a scroll of amnesia {unknown}
Potions
 d - a potion of mutation {unknown}
 e - a potion of heal wounds {unknown}
 i - a potion of attraction {unknown}
 l - a potion of cancellation {unknown}
 n - a potion of magic {unknown}
 q - a potion of curing {unknown}


   Skills:
 + Level 3.4 Fighting
 + Level 5.3 Polearms
 + Level 1.9 Throwing
 + Level 3.2 Dodging
 + Level 1.7 Stealth


You had 4 spell levels left.
You didn't know any spells.
Your spell library contained the following spells:

 Spells                   Type           Power      Damage    Failure   Level
 Sublimation of Blood     Necr           0%         N/A       54%         2
 Petrify                  Tmut/Erth      0%         N/A       99%         4
 Irradiate                Conj/Tmut      0%         3d14      100%        5


Dungeon Overview and Level Annotations

Branches:
Dungeon (5/15)
 Temple: D:4-7

Altars:
Fedhas
Wu Jian

Shops:
D:3 :


Innate Abilities, Weirdness & Mutations

Your plain brown scales are hard. (AC +5)
You cannot fit into any form of body armour.
You are cold-blooded and may be slowed by cold attacks.


Message History

The river rat barely misses you.
You barely miss the river rat.
Your tail-slap misses the river rat.
The river rat is heavily wounded.
The river rat barely misses you.
You hit the river rat but do no damage.
The river rat is heavily wounded.
The river rat bites you.
You closely miss the river rat.
The river rat is heavily wounded.
The river rat closely misses you. The river rat bites you.
You barely miss the river rat. You tail-slap the river rat.
The river rat is almost dead.
The river rat barely misses you.
You hit the river rat but do no damage.
The river rat is almost dead.
The river rat bites you!
You hit the river rat.
You kill the river rat!
Fedhas appreciates your contribution to the ecosystem.
The ogre misses you. The ogre closely misses you.
Found a scroll labelled IVERAEGRYT.
The river rat closely misses you.
Found 21 stones.
The ogre closely misses you. The river rat bites you.
You closely miss the river rat.
Your tail-slap misses the river rat.
The river rat bites you!
The ogre hits you with a +0 giant spiked club!
You puncture the river rat! You tail-slap the river rat.
The river rat is almost dead.
The river rat bites you. The river rat closely misses you.
The river rat bites you!
* * * LOW HITPOINT WARNING * * *
The river rat bites you!
* * * LOW HITPOINT WARNING * * *
It was a potion of haste.
You feel yourself speed up.
The ogre hits you with a +0 giant spiked club!!
Ouch! That really hurt!
You die...
Fedhas appreciates your contribution to the ecosystem.

......(# .. ....#..###
..# ....#....###.?
...........# #........#.#
.... #.#..#.....## .....
#.#..#.#..... ....##....
#..r@r.......
..........###..rrO.#.....
......###.......r........
.....#......###.......###
.....#......#.....#......
.O.. .........##.##.#####
...#########........#
...#rrrrr..#r########


...#rrrrrr #†# You could see an ogre, 5 river rats and a rat.

Vanquished Creatures
  A phantom (D:4)
  A hound (D:4)
  4 adders
  2 river rats (D:5)
  2 adder skeletons
  3 dart slugs (D:1)
  2 orcs (D:3)
  3 bats
  10 endoplasms
  3 giant cockroaches
  10 goblins
  9 hobgoblins
  8 jackals
  2 quokkas
  4 ball pythons
  4 frilled lizards
  7 kobolds
  4 rats
79 creatures vanquished.

Notes
Turn   | Place    | Note
-------+----------+-------------------------------------------
     0 | D:1      | SensoryNuts the Draconian Gladiator began the quest for the
                  | Orb.
     0 | D:1      | Reached XP level 1. HP: 17/17 MP: 1/1
    24 | D:1      | Found a faded altar of an unknown god.
    62 | D:1      | Became a worshipper of Fedhas Madash
    62 | D:1      | Reached * piety under Fedhas
   381 | D:1      | Reached XP level 2. HP: 22/25 MP: 2/2
  1049 | D:2      | Reached XP level 3. HP: 18/30 MP: 3/3
  1179 | D:2      | Found an ornate altar of the Wu Jian Council.
  1355 | D:2      | Reached ** piety under Fedhas
  1682 | D:2      | Reached skill level 4 in Polearms
  2138 | D:3      | Reached XP level 4. HP: 37/37 MP: 4/4
  2274 | D:3      | Reached skill level 1 in Stealth
  2474 | D:3      | Found Pogeuxad's Book Emporium.
  3086 | D:3      | Reached *** piety under Fedhas
  3655 | D:4      | Identified the +7 quarterstaff "Sim Xyfaufue" {vorpal,
                  | Dex+7}
  3716 | D:4      | Noticed a phantom
  3735 | D:4      | Killed a phantom
  3736 | D:4      | Reached skill level 5 in Polearms
  3736 | D:4      | Reached XP level 5. HP: 9/45 MP: 5/5
  4506 | D:5      | Entered Level 5 of the Dungeon
  4513 | D:5      | Noticed an ogre
  4557 | D:5      | HP: 2/45 [river rat (7)]
  4558 | D:5      | Annihilated by an ogre

Illustrated notes

Levels and vault maps discovered:
D:1:      minmay_arrival_wavy_path, layout_basic, ebering_ecumenical_altar_mist,
          amcnicky_mini_corridor_feature
D:2:      layout_loops_corners, basic_altar
D:3:      cheibrodos_greedy_goblins, layout_basic, serial_shops, shop
D:4:      layout_basic
D:5:      layout_rooms, minmay_temple_entry_hall, st_stairs_5,
          dk_rats_in_the_wall

Skill      XL: |  1  2  3  4 |
---------------+-------------+-----
Polearms       | 4 5 |  5.3
Dodging        | 3 |  3.2
Stealth        | 1 |  1.7
Fighting       | 3 |  3.4
Throwing       | |  1.9

Action                   |  1- 3 |  4- 6 || total
-------------------------+-------+-------++-------
Melee: Trident           |   116 |   121 ||   237
       Tailslap          |    13 |    12 ||    25
  Use: Potion            |       |     1 ||     1
 Stab: Sleeping          |     3 |     2 ||     5
Armor: Skin              |    28 |    35 ||    63
Dodge: Dodged            |    40 |    67 ||   107
